 Dungeon Crawl Stone Soup version 0.31-a0-303-gdc8c9485ea (webtiles) character file.

Game seed: 9797113949493174379

91 LeprechaunX the Changeling (level 4, -1/30 HPs)
             Began as an Octopode Shapeshifter on July 16, 2023.
             Engulfed by a steam dragon's steam (8 damage)
             ... on level 4 of the Dungeon.
             The game lasted 00:03:12 (2566 turns).

LeprechaunX the Changeling (Octopode Shapeshifter)  Turns: 2566, Time: 00:03:12

Health: -1/30      AC:  1    Str: 16    XL:     4   Next: 57%
Magic:  4/4        EV: 13    Int: 10    God:
Gold:   75         SH:  0    Dex: 12    Spells: 3/3 levels left

rFire   . . .        l - +3 quarterstaff "Iqobisud" {elec, Fly Stlth+}
rCold   . . .        (shield currently unavailable)
rNeg    . . .        (helmet currently unavailable)
rPois   .            (no amulet)
rElec   .            (no ring)
rCorr   .            (no ring)
SInv    .            (no ring)
Will    .....        (no ring)
Stlth   +++          (no ring)
HPRegen 0.25/turn    (no ring)
MPRegen 0.09/turn    (no ring)
                     (no ring)

%: no passive effects
@: beast-form, flying
A: beast (slay +2), almost no armour, amphibious, 8 rings, camouflage 1,
gelatinous body 1, (nimble swimmer 1), tentacles
a: Begin Untransformation


You were on level 4 of the Dungeon.
You were a hulking beast.
You visited 1 branch of the dungeon, and saw 4 of its levels.

You collected 125 gold pieces.
You spent 50 gold pieces at shops.

Inventory:

Hand Weapons
 l - the +3 quarterstaff "Iqobisud" (weapon) {elec, Fly Stlth+}
   (You found it on level 2 of the Dungeon)

   Fly:       It grants you flight.
   Stlth:     It makes you more stealthy.
Missiles
 f - 10 poisoned darts (quivered)
Jewellery
 r - a ring of positive energy
Talismans
 b - a beast talisman
 d - a serpent talisman
Scrolls
 c - 2 scrolls of identify {unknown}
 e - a scroll of immolation {unknown}
 i - 2 scrolls of teleportation {unknown}
 p - a scroll of fog {unknown}
Potions
 a - a potion of lignification
 g - 2 potions of brilliance {unknown}
 h - a potion of magic {unknown}
 j - 2 potions of might {unknown}
 k - a potion of invisibility {unknown}
 m - 3 potions of enlightenment {unknown}
 n - 2 potions of curing {unknown}
 o - a potion of berserk rage {unknown}
 q - a potion of heal wounds


   Skills:
 + Level 2.7 Fighting
 + Level 0.7 Staves
 - Level 2.0 Dodging
 + Level 3.0 Unarmed Combat
 * Level 3.7 Shapeshifting


You had 3 spell levels left.
You didn't know any spells.
Your spell library contained the following spells:

 Spells                   Type           Power      Damage    Failure   Level
 Static Discharge         Conj/Air       0%         2-2/arc   50%         2
 Call Canine Familiar     Summ           0%         N/A       75%         3
 Portal Projectile        Hex/Tloc       0%         N/A       75%         3
 Tukima's Dance           Hex            0%         N/A       75%         3
 Vhi's Electric Charge    Tloc/Air       0%         N/A       75%         3
 Leda's Liquefaction      Hex/Erth       0%         N/A       98%         4
 Passage of Golubria      Tloc           0%         N/A       98%         4
 Arcjolt                  Conj/Air       0%         1d10      100%        5
 Irradiate                Conj/Tmut      0%         3d11      100%        5
 Iskenderun's Battlesphe  Conj           0%         2d6       100%        5
 Yara's Violent Unravell  Hex/Tmut       0%         3d3       100%        5
 Plasma Beam              Fire/Air       0%         2x1d10    100%        6
 Lehudib's Crystal Spear  Conj/Erth      0%         10d2      100%        8


Dungeon Overview and Level Annotations

Branches:
Dungeon (4/15)
 Temple: D:4-7

Altars:

Shops:
D:3 !


Innate Abilities, Weirdness & Mutations

You are a hulking beast.
Your limbs bulge with bestial killing power. (Slay +2)
You cannot wear most types of armour.
You are amphibious.
You can wear up to eight rings at the same time.
Your skin changes colour to match your surroundings (Stealth+).
Your rubbery body absorbs attacks. (AC +1, EV +1)
((You are camouflaged when in or above water. (Stealth+)))
You have tentacles for arms and can constrict up to eight enemies at once.


Message History

You miss the adder. You grab the adder. You squeeze the adder.
The adder is almost dead.
You constrict the adder.
You kill the adder!
You see here an adder corpse.
You pick up the Papyrus of Striking and begin reading...
You add the spells Static Discharge, Iskenderun's Battlesphere, Irradiate and Lehudib's Crystal Spear to your library.
You reach down and open the door.
There is an open door here.
You reach down and open the door.
An endoplasm comes into view.
An endoplasm is nearby!
An endoplasm is nearby!
An endoplasm is nearby!
There is an open door here.
The helpless endoplasm fails to defend itself.
You thump the endoplasm!
You kill the endoplasm!
No target in view!
You reach down and open the door.
There is an open door here.
Found a stone staircase leading up.
A steam dragon comes into view.
A steam dragon is nearby!
A steam dragon is nearby!
The steam dragon breathes steam at you. The ball of steam hits you!
You hear an angry hiss.
You hear a shout! x3
No reachable target in view!
No reachable target in view!
No reachable target in view!
No reachable target in view!
A ball python comes into view.
You are engulfed in a cloud of scalding steam.
The steam dragon closely misses you. The steam dragon claws you.
* * * LOW HITPOINT WARNING * * *
You hit the steam dragon.
The steam dragon is lightly wounded.
You are engulfed in a cloud of scalding steam.
You die...

###.###..#.#
##.....#..#..# #
#...#..#.#
###........#..# #
#........#
#.............# #
#........#
#.§§§...#.##.##
###........#
####.§§....#.# ...
...##....#.#
#....§.§§###.# ####
##.##.#..#...+..§§§§..#
#.#
##.#####.#####..§.§...#
#.#
....<...........h§§...#
#.#
##.######......D.######
.# #...) ........#
###### ..S..#.## #
.....#. # .... #. # #+#
#. # #. #


You could see a steam dragon (catching breath) and a ball python.

Vanquished Creatures
  An adder (D:4)
  A gnoll (D:1)
  2 worms
  3 dart slugs
  4 orcs (D:3)
  7 ball pythons
  3 bats
  4 endoplasms
  3 giant cockroaches
  6 goblins (D:1)
  4 hobgoblins
  A quokka (D:1)
  3 frilled lizards
  6 kobolds
  7 rats
55 creatures vanquished.

Notes
Turn   | Place    | Note
-------+----------+-------------------------------------------
     0 | D:1      | LeprechaunX the Octopode Shapeshifter began the quest for
                  | the Orb.
     0 | D:1      | Reached XP level 1. HP: 14/14 MP: 1/1
   138 | D:1      | Reached XP level 2. HP: 19/19 MP: 2/2
   321 | D:1      | Reached XP level 3. HP: 3/24 MP: 3/3
   784 | D:2      | Identified the +3 quarterstaff "Iqobisud" {elec, Fly
                  | Stlth+}
  1108 | D:2      | Reached XP level 4. HP: 30/30 MP: 4/4
  1736 | D:3      | Found Anaam's Distillery.
  1743 | D:3      | Bought a potion of heal wounds for 50 gold pieces
  2466 | D:4      | Got the Papyrus of Striking
  2560 | D:4      | Noticed a steam dragon
  2566 | D:4      | Engulfed by a steam dragon's steam

Illustrated notes

Levels and vault maps discovered:
D:1:      minmay_arrival_stone_box, layout_basic
D:2:      layout_loops_cross, serial_forest, infiniplex_forest_lined_4_way,
          infiniplex_forest_3_way, infiniplex_forest_clump_medium,
          infiniplex_forest_clump_tiny
D:3:      layout_loops_corners, serial_shops, nicolae_shop_tiny_waterfront,
          nicolae_elevator_lobby_asterisk
D:4:      layout_basic, kennysheep_minor_cross, minmay_strange_pillars,
          nicolae_shop_vocational

Skill      XL: |  1  2  3  4 |
---------------+-------------+-----
Unarmed Combat | 3 |  3.0
Fighting       | |  2.7
Staves         | |  0.7
Dodging        | |  2.0
Shapeshifting  | |  3.7

Action                     |  1- 3 |  4- 6 || total
---------------------------+-------+-------++-------
  Melee: Unarmed           |    47 |       ||    47
         Constrict         |    13 |     6 ||    19
         Tentacles         |     5 |     4 ||     9
         Quarterstaff      |    13 |    27 ||    40
         Punch             |       |     3 ||     3
   Stab: Sleeping          |     5 |     8 ||    13
 Armour: Skin              |     6 |     1 ||     7
  Dodge: Dodged            |    41 |    12 ||    53

Table legend: (Time is in decaauts)
 A = Elapsed time spent in this place.
 B = Non-inter-level travel time spent in this place.
 C = Inter-level travel time spent in this place.
 D = Time resting spent in this place.
 E = Time spent auto-exploring this place.
 F = Levels seen in this place.
 G = Mean time per level.
                   A        B        C        D        E       F      G
               +--------+--------+--------+--------+--------+-----+--------+
         Total |   2573 |   2472 |    101 |    191 |   1935 |   4 |  643.2 |
       Dungeon |   2573 |   2472 |    101 |    191 |   1935 |   4 |  643.2 |
               +--------+--------+--------+--------+--------+-----+--------+

Top non-repeatable levels by time:
     D:3: 990 daAuts
     D:1: 734 daAuts
     D:2: 680 daAuts
     D:4: 167 daAuts
